 Dungeon Crawl Stone Soup version 0.31-a0-233-g139696dc86 (webtiles) character file.

Game seed: 20466600726392559

6565 Gargoyl the Cleaver (level 11, -3/69 HPs)
             Began as a Gargoyle Berserker on July 9, 2023.
             Was a Priest of Trog.
             Slain by a cane toad (9 damage)
             ... on level 2 of the Lair of Beasts.
             The game lasted 00:11:00 (7689 turns).

Gargoyl the Cleaver (Gargoyle Berserker)            Turns: 7689, Time: 00:11:01

Health: -3/69      AC: 27    Str: 24    XL:     11   Next: 1%
Magic:  11/11      EV: 12    Int: 11    God:    Trog [***...]
Gold:   262        SH:  8    Dex: 13    Spells: 10/10 levels left

rFire   + . .        a - +1 hand axe (flame)
rCold   . . .        C - +0 kite shield {rF+}
rNeg    + + .        x - +0 plate armour of Lesser Demons {Str+3}
rPois   ∞            f - +2 helmet {Int+3}
rElec   +            c - scarf {repulsion}
rCorr   .            b - +0 pair of gloves
SInv    .            o - +0 pair of boots
Will    .....        (no amulet) Stlth
                     u - ring of positive energy
HPRegen 0.31/turn    y - +5 ring of evasion
MPRegen 0.12/turn

%: repel missiles
@: about to teleport, on berserk cooldown
A: sickness immunity, AC +8, negative energy resistance 1, electricity
resistance, torment resistance 1, petrification resistance
a: Renounce Religion, Berserk, Trog's Hand


You were on level 2 of the Lair of Beasts.
You worshipped Trog.
Trog was most pleased with you.
You visited 2 branches of the dungeon, and saw 10 of its levels.

You collected 410 gold pieces.
You spent 148 gold pieces at shops.

Inventory:

Hand Weapons
 a - a +1 hand axe of flaming (weapon)
 s - a +3 flail of protection
Missiles
 d - 12 poisoned darts (quivered)
Armour
 b - a +0 pair of gloves (worn)
 c - a scarf of repulsion (worn)
 f - a +2 helmet of intelligence (worn)
 o - a +0 pair of boots (worn)
 x - the +0 plate armour of Lesser Demons (worn) {Str+3}
   (You took it off an orc warrior on level 6 of the Dungeon)

   Str:       It affects your strength (+3).
 C - a +0 kite shield of fire resistance (worn)
Jewellery
 u - a ring of positive energy (left hand)
 y - a +5 ring of evasion (right hand)
Wands
 p - a wand of flame (12)
 B - a wand of mindburst (6)
Scrolls
 e - 3 scrolls of brand weapon
 h - 5 scrolls of teleportation
 j - 3 scrolls of poison
 t - 2 scrolls of fear {unknown}
 v - a scroll of amnesia {unknown}
 w - a scroll of vulnerability {unknown}
 A - a scroll of identify
 E - a scroll of torment {unknown}
Potions
 g - 2 potions of ambrosia
 i - 3 potions of brilliance {unknown}
 l - a potion of resistance {unknown}
 m - a potion of magic
 n - 3 potions of might {unknown}
 q - 2 potions of degeneration {unknown}
 r - a potion of heal wounds {unknown}
 z - 2 potions of attraction {unknown}
 D - a potion of lignification {unknown}
 F - a potion of mutation {unknown}


   Skills:
 + Level 8.4 Fighting
 + Level 11.2 Axes
 + Level 8.1 Armour
 + Level 3.3 Dodging
 + Level 2.3 Stealth
 + Level 3.2 Shields


You had 10 spell levels left.
You didn't know any spells.
Your spell library was empty.

Dungeon Overview and Level Annotations

Branches:
Dungeon (8/15)             Temple (0/1) D:5            Lair (2/5) D:8
  Swamp: Lair:2-3    Shoals: Lair:2-3     Snake: Lair:2-3    Spider: Lair:2-3

Altars:
Cheibriados
Kikubaaqudgha
Ru
Vehumet
The Shining One

Shops:
D:2 (*(   D:8 [[


Innate Abilities, Weirdness & Mutations

You are immune to sickness and miasma.
Your stone body is resilient. (AC +8)
You are immune to poison.
You resist negative energy. (rN+)
You are resistant to electric shocks. (rElec)
You are resistant to unholy torment.
You are immune to petrification.


Message History

Unknown command.
You hit the catoblepas. You burn the catoblepas.
The catoblepas is lightly wounded.
You feel the effects of Trog's Hand fading.
The catoblepas gores you!
Unknown command.
You hit the catoblepas but do no damage.
The catoblepas is lightly wounded.
The catoblepas completely misses you.
The catoblepas breathes a plume of calcifying dust at you.
The blast of calcifying dust hits you. The catoblepas gores you!
Your skin stops crawling.
You feel less strong-willed.
The blink frog is no longer petrified.
The blink frog blinks!
The cane toad stings you.
The cane toad stings you but does no damage.
The blink frog blinks!
The catoblepas breathes a plume of calcifying dust at you.
The blast of calcifying dust hits you but does no damage.
There is a stone staircase leading down here.
The blink frog blinks!
The cane toad stings you but does no damage.
The catoblepas gores you!!
* * * LOW HITPOINT WARNING * * *
You climb downwards.
Found a potion of curing.
There is a stone staircase leading up here.
Okay, then.
Okay, then.
You feel better. The cane toad misses you.
The catoblepas gores you but does no damage.
The cane toad barely misses you. The catoblepas gores you!
* * * LOW HITPOINT WARNING * * *
As you read the scroll of teleportation, it crumbles to dust.
You feel strangely unstable.
You feel yourself speed up. You block the cane toad's attack.
The catoblepas gores you.
* * * LOW HITPOINT WARNING * * *
The cane toad stings you!
You die...

# ...## ### ##.
......#F##.....
.......@Y...!..
......#..P..#..
##.#. #.##..#
.. #.# ..# ..
... ... .. ...
## . ... .#...


You could see a catoblepas and a cane toad.

Vanquished Creatures
  A centaur warrior (D:8)
  The ghost of IndexError the Skirmisher, a novice FoHu of Cheibriados (D:6)
  Maggie (D:8)
  2 cane toads (Lair:1)
  A gargoyle (D:7)
  A troll (D:8)
  A blink frog (Lair:1)
  Sigmund (D:5)
  A steam dragon (D:7)
  Edmund (D:5)
  2 water moccasins
  2 orc warriors (D:6)
  2 sky beasts
  A black bear (D:4)
  An ogre (D:6)
  6 centaurs
  6 wolves
  2 bullfrogs
  A scorpion (D:7)
  5 killer bees (D:7)
  5 electric eels
  5 orc priests
  Crazy Yiuf (D:3)
  3 jellies
  5 hounds
  6 iguanas
  11 orc wizards
  2 sleepcaps
  4 gnolls (D:5)
  4 adders
  2 white imps (D:8)
  An ufetubus (D:5)
  A worm (D:2)
  4 dart slugs
  47 orcs
  8 endoplasms
  3 giant cockroaches
  5 hobgoblins
  11 jackals
  4 kobolds
  5 quokkas
  8 ball pythons
  2 bats
  8 frilled lizards
  10 goblins
  3 rats (D:1)
207 creatures vanquished.

Notes
Turn   | Place    | Note
-------+----------+-------------------------------------------
     0 | D:1      | Gargoyl the Gargoyle Berserker began the quest for the Orb.
     0 | D:1      | Reached XP level 1. HP: 14/14 MP: 1/1
   245 | D:1      | Reached XP level 2. HP: 13/19 MP: 2/2
   246 | D:1      | Reached skill level 3 in Axes
   397 | D:1      | Reached XP level 3. HP: 18/24 MP: 3/3
   576 | D:1      | Reached ** piety under Trog
   668 | D:2      | Found Ysurr's Weapon Shoppe.
   669 | D:2      | Found Usuwoaleecw's General Store.
   807 | D:2      | Bought a scroll of teleportation for 33 gold pieces
   848 | D:2      | Found Gaestruwn's Weapon Emporium.
  1218 | D:2      | Reached XP level 4. HP: 20/29 MP: 4/4
  1450 | D:2      | You fall into a shaft and drop 2 floors!
  1452 | D:4      | Found a sacrificial altar of Ru.
  1953 | D:3      | Reached XP level 5. HP: 34/34 MP: 5/5
  1958 | D:3      | Reached skill level 4 in Axes
  2012 | D:3      | Found a runed translucent door.
  2013 | D:3      | Noticed Crazy Yiuf
  2255 | D:3      | Killed Crazy Yiuf
  2359 | D:4      | Found a glowing golden altar of the Shining One.
  2369 | D:4      | Reached XP level 6. HP: 39/39 MP: 6/6
  2375 | D:4      | Found a snail-covered altar of Cheibriados.
  2630 | D:4      | Found an ancient bone altar of Kikubaaqudgha.
  2761 | D:4      | Reached skill level 5 in Axes
  2827 | D:4      | Reached *** piety under Trog
  2843 | D:4      | Noticed a black bear
  2860 | D:4      | Killed a black bear
  2861 | D:4      | Reached skill level 5 in Fighting
  2861 | D:4      | Reached XP level 7. HP: 34/44 MP: 7/7
  3126 | D:4      | Found a radiant altar of Vehumet.
  3208 | D:4      | Found the +7 staff of the Meek {protect, meekguard}
  3491 | D:5      | Entered Level 5 of the Dungeon
  3533 | D:5      | Noticed Sigmund
  3552 | D:5      | Killed Sigmund
  3677 | D:5      | Noticed Edmund
  3698 | D:5      | Killed Edmund
  3699 | D:5      | Reached skill level 6 in Axes
  3699 | D:5      | Reached skill level 1 in Stealth
  3896 | D:5      | Reached XP level 8. HP: 38/50 MP: 8/8
  4320 | D:5      | Reached skill level 7 in Axes
  4418 | D:5      | Found a staircase to the Ecumenical Temple.
  4450 | D:5      | Reached skill level 5 in Armour
  5346 | D:6      | Found a runed translucent gate.
  5346 | D:6      | Found a runed translucent gate.
  5348 | D:6      | Found a runed translucent gate.
  5348 | D:6      | Identified the +0 plate armour of Lesser Demons {Str+3}
  5349 | D:6      | Noticed IndexError's ghost (novice FoHu)
  5558 | D:6      | Killed IndexError's ghost
  5559 | D:6      | Reached skill level 8 in Axes
  5559 | D:6      | Reached XP level 9. HP: 56/56 MP: 9/9
  5700 | D:7      | Reached skill level 9 in Axes
  5993 | D:7      | Noticed a gargoyle
  6032 | D:7      | Killed a gargoyle
  6033 | D:7      | Reached XP level 10. HP: 63/63 MP: 10/10
  6634 | D:8      | Reached skill level 10 in Axes
  6649 | D:8      | Found a staircase to the Lair.
  6843 | D:8      | Found Xaavac's Armour Shop.
  6857 | D:8      | Bought a +0 kite shield of fire resistance for 115 gold
                  | pieces
  6916 | D:8      | Noticed Maggie
  6928 | D:8      | Killed Maggie
  7307 | D:8      | Reached skill level 1 in Shields
  7308 | D:8      | Found Yzaixahigg's Armour Shoppe.
  7443 | D:8      | Noticed a centaur warrior
  7456 | D:8      | Killed a centaur warrior
  7462 | Lair:1   | Entered Level 1 of the Lair of Beasts
  7555 | Lair:1   | Reached skill level 11 in Axes
  7644 | Lair:1   | Noticed a cane toad
  7648 | Lair:1   | Noticed a cane toad
  7653 | Lair:1   | Killed a cane toad
  7653 | Lair:1   | Noticed a cane toad
  7658 | Lair:1   | Killed a cane toad
  7658 | Lair:1   | Reached **** piety under Trog
  7668 | Lair:1   | Noticed a catoblepas
  7679 | Lair:1   | Reached XP level 11. HP: 50/69 MP: 11/11
  7689 | Lair:2   | Slain by a cane toad

Illustrated notes

Levels and vault maps discovered:
D:1:      ncdulo_watergridlock, layout_rooms, minmay_nonomino_d4
D:2:      layout_basic, serial_shops, nicolae_shop_trees, shop,
          nicolae_shop_bloodbath_and_beyond
D:3:      layout_rooms, uniq_crazy_yiuf_cottage
D:4:      minmay_door_path, layout_basic, mainiacjoe_overflow_catwalk_spiral,
          nicolae_vehumet_radiance, nicolae_ru_sacrificial_ziggurat,
          mainiacjoe_overflow_concentric_impassable, pf_guarded_unrand_meek
D:5:      layout_basic, minmay_temple_entry_enclosed_plants, uniq_sigmund,
          uniq_edmund
D:6:      layout_rooms, biasface_ghost_orc_armoury
D:7:      layout_cave_pools, serial_park, serial_park_tiny_2,
          serial_park_fountain, serial_park_tiny_2, chequers_garden
D:8:      layout_loops_cross, erik_lair_island, serial_shops,
          nicolae_shop_peninsula, shop_fountains, uniq_maggie
Lair:1:   layout_long_grid, kennysheep_snail_temple, grunt_megastairs_4,
          lemuel_fruit_fields, uniq_nergalle
Lair:2:   layout_gridlike, spider_nest_entry_a, worms_lemuel,
          infiniplex_staircase_pool_2, lemuel_fruit_tree

Skill      XL: |  1  2  3  4  5  6  7  8  9 10 |
---------------+-------------------------------+-----
Axes           | 3 4 5 6 8 9 11 | 11.2
Fighting       | 4 5 6 7 8 |  8.4
Dodging        | 2 3 |  3.3
Armour         | 3 4 6 7 8 |  8.1
Stealth        | 1 2 |  2.3
Shields        | 3 |  3.2

Action                     |  1- 3 |  4- 6 |  7- 9 | 10-12 || total
---------------------------+-------+-------+-------+-------++-------
  Melee: Hand axe          |   150 |   143 |   287 |   214 ||   794
         Punch             |     1 |     2 |     4 |       ||     7
 Invoke: Berserk           |     2 |     6 |     6 |     3 ||    17
         Trog's Hand       |       |       |     6 |     3 ||     9
    Use: Scroll            |     3 |     2 |     5 |     1 ||    11
         Potion            |       |       |     1 |     1 ||     2
   Stab: Distracted        |     1 |       |       |       ||     1
         Petrified         |       |       |       |     1 ||     1
 Armour: Animal skin       |    39 |       |       |       ||    39
         Chain mail        |    33 |   102 |   109 |       ||   244
         Plate armour      |       |       |   147 |   155 ||   302
  Dodge: Dodged            |    75 |    60 |   146 |   155 ||   436
         Repelled          |     1 |     1 |       |     2 ||     4
  Block: Kite shield       |       |       |       |    59 ||    59

Table legend: (Time is in decaauts)
 A = Elapsed time spent in this place.
 B = Non-inter-level travel time spent in this place.
 C = Inter-level travel time spent in this place.
 D = Time resting spent in this place.
 E = Time spent auto-exploring this place.
 F = Levels seen in this place.
 G = Mean time per level.
                   A        B        C        D        E       F      G
               +--------+--------+--------+--------+--------+-----+--------+
         Total |   7814 |   7539 |    275 |    242 |   5430 |  10 |  781.4 |
       Dungeon |   7585 |   7311 |    274 |    242 |   5286 |   8 |  948.1 |
          Lair |    228 |    228 |      0 |      0 |    144 |   2 |  114.0 |
               +--------+--------+--------+--------+--------+-----+--------+

Top non-repeatable levels by time:
     D:5: 1549 daAuts
     D:4: 1228 daAuts
     D:2: 1060 daAuts
     D:6: 875 daAuts
     D:8: 858 daAuts
     D:7: 713 daAuts
     D:1: 693 daAuts
     D:3: 606 daAuts
  Lair:1: 226 daAuts
  Lair:2: 2 daAuts
